 Dungeon Crawl Stone Soup version 0.17-a0-1880-gacf7e67 (webtiles) character file.

342 barthelm the Ruffian (level 6, -7/58 HPs)
             Began as a Gargoyle Berserker on Sept 21, 2015.
             Was a Priest of Trog.
             Mangled by shakdrar's ghost (16 damage)
             ... on level 4 of the Dungeon.
             The game lasted 00:12:09 (2777 turns).

barthelm the Ruffian (Gargoyle Berserker)           Turns: 2777, Time: 00:12:09

Health: -7/58      AC:  7    Str: 28    XL:     6   Next: 57%
Magic:  6/6        EV: 13    Int:  7    God:    Trog [***...]
Gold:   189        SH:  0    Dex:  9    Spells: 0 memorised, 5 levels left

rFire  . . .     SeeInvis .       - Unarmed
rCold  . . .     Clarity  .     a - +0 animal skin
rNeg   + . .     SustAt   .     (no shield)
rPois  ∞         Gourm    .     (no helmet)
rElec  +         Spirit   .     f - +0 cloak
rCorr  .         Warding  .     (no gloves)
rMut   .         Stasis   .     (no boots)
MR     .....                    (no amulet)
Stlth  ..........               (no ring)
                                (no ring)

@: berserking (expiring), very quick, not resistant to hostile enchantments,
extremely unstealthy
A: negative energy resistance 1, electricity resistance, unbreathing,
petrification resistance, rot immunity, AC +4
a: Burn Spellbooks, Berserk, Trog's Hand, Renounce Religion


You were on level 4 of the Dungeon.
You worshipped Trog.
Trog was most pleased with you.
You were not hungry.

You visited 1 branch of the dungeon, and saw 4 of its levels.

You collected 189 gold pieces.

Inventory:

Armour
 a - a +0 animal skin (worn)
 f - a +0 cloak (worn)
Scrolls
 e - 2 scrolls of noise {unknown}
 m - a scroll of amnesia {unknown}
 o - a scroll of recharging
 p - a scroll of identify {unknown}
Potions
 c - a potion of flight {unknown}
 g - a potion of might {unknown}
 h - 2 potions of curing {unknown}
 j - a potion of mutation {unknown}
 l - a potion of cancellation {unknown}
 n - a potion of berserk rage {unknown}
 q - a potion of poison {unknown}
Comestibles
 b - a bread ration
 i - 2 meat rations
 k - a beef jerky


   Skills:
 + Level 4.4 Fighting
 * Level 2.6 Armour
 + Level 4.0 Dodging
 + Level 4.5 Unarmed Combat


You had 5 spell levels left.
You didn't know any spells.

Dungeon Overview and Level Annotations

Branches:
Dungeon (4/15)
 Temple: D:4-7

Altars:

Annotations:
D:4 shakdrar's ghost, average MiFi


Innate Abilities, Weirdness & Mutations

You are resistant to torment.
Your stone body is resilient (AC +4).
You are immune to poison.
You resist negative energy.
You are resistant to electric shocks.
You can survive without breathing.
You are immune to petrification.
You are immune to rotting.


Message History

The worker ant is heavily wounded.
You hit the worker ant.
The worker ant is severely wounded.
The worker ant bites you.
* * * LOW HITPOINT WARNING * * *
You punch the worker ant!
You kill the worker ant!
Trog accepts your kill. Shakdrar's ghost closely misses you.
You see here a worker ant corpse.
You punch shakdrar's ghost!
Shakdrar's ghost is moderately damaged.
You hit shakdrar's ghost but do no damage.
Shakdrar's ghost is moderately damaged.
Shakdrar's ghost hits you but does no damage.
You hit shakdrar's ghost.
Shakdrar's ghost is moderately damaged.
Shakdrar's ghost ripples.
Shakdrar's ghost hits you!
You die...

.#.........(.................#.#
##.#........8.......8........#.##
.##.#.......................#.##.
.# #.#.....8.........8.....#.###.
## #.#...................#.## #.
#.#....8.......8....#.## #[
###.#...#..#.#..#...#.######.
..#.######.W.######.#....... #
###.#...#..#@#..#...#.######. #
##.#.................#.## #> #
##.#...................#.## #.
####.#.....................#.###.
.##.#.......................#.##.
.#.#.......#.##...##.#.......#.#.
#.#.......#.#.##.##.#.#.......#.#
##........######+######........##
##.####### #####.....#


You could see shakdrar's ghost.

Vanquished Creatures
  An ogre (D:3)
  2 hounds
  2 worker ants
  5 adders
  2 oozes
  2 giant geckos
  8 orcs (D:3)
  12 bats
  4 giant cockroaches
  10 goblins
  8 hobgoblins
  6 kobolds
  A ball python (D:1)
  A giant gecko skeleton (D:4)
  A giant newt (D:2)
  11 rats
76 creatures vanquished.

Notes
Turn   | Place    | Note
--------------------------------------------------------------
     0 | D:1      | barthelm the Gargoyle Berserker began the quest for the Orb.
     0 | D:1      | Reached XP level 1. HP: 14/14 MP: 1/1
   114 | D:1      | Reached XP level 2. HP: 9/19 MP: 2/2
   524 | D:1      | Reached XP level 3. HP: 23/23 MP: 3/3
   582 | D:1      | Acquired Trog's second power
  1194 | D:2      | Reached XP level 4. HP: 18/28 MP: 4/4
  1622 | D:3      | Reached skill level 4 in Unarmed Combat
  1692 | D:3      | Reached XP level 5. HP: 18/33 MP: 5/5
  2233 | D:3      | Noticed an ogre
  2243 | D:3      | Killed an ogre
  2243 | D:3      | Reached XP level 6. HP: 27/38 MP: 6/6
  2701 | D:4      | Noticed shakdrar's ghost (average MiFi)
  2777 | D:4      | Mangled by shakdrar's ghost

Vault maps used:
D:1:      dpeg_arrival_tiny_b, grunt_decor_one_mirror
D:2:      kennysheep_generic_room_2
D:4:      wad_pebble_path, minmay_misc_feat_ornament, guppyfry_early_lair_pool

Action                   |  1- 3 |  4- 6 || total
-------------------------+-------+-------++-------
Melee: Unarmed           |   159 |   165 ||   324
Invok: Berserk           |       |     4 ||     4
  Use: Scroll            |     3 |       ||     3
  Eat: Chunk             |       |     8 ||     8
       Royal jelly       |       |     1 ||     1
